 Dungeon Crawl Stone Soup version 0.27.1-37-g7b29ead8ac (console) character file.

Game seed: 5471880660063961948

802 grimtooth the Summoner (level 7, -5/51 HPs)
             Began as a Barachi Summoner on Aug 14, 2023.
             Killed from afar by an acid dragon (13 damage)
             ... with a splash of acid
             ... on level 5 of the Dungeon.
             The game lasted 00:29:00 (6211 turns).

grimtooth the Summoner (Barachi Summoner)           Turns: 6211, Time: 00:29:00

Health: -5/51      AC:  5    Str: 10    XL:     7   Next: 90%
Magic:  9/13       EV: 12    Int: 17    God:
Gold:   130        SH:  0    Dex: 18    Spells: 8/14 levels left

rFire    . . .     SeeInvis .   a - +2 rapier (venom)
rCold    . . .     Faith    .   (no shield)
rNeg     . . .     Spirit   .   r - +1 robe {Will+}
rPois    .         Reflect  .   A - +0 helmet
rElec    .         Harm     .   (no cloak)
rCorr    .         Rampage  .   (no gloves)
Will     +....                  o - +0 pair of boots
Stlth    ++........             (no amulet)
HPRegen  0.17/turn              y - +6 ring of dexterity
MPRegen  0.13/turn              (no ring)

@: slow
A: amphibious, slowness 1, strong legs 1, +LOS
a: Hop


You were on level 5 of the Dungeon.
You visited 1 branch of the dungeon, and saw 5 of its levels.

You collected 130 gold pieces.

Inventory:

Hand Weapons
 a - a +2 rapier of venom (weapon)
 b - a +1 dagger of electrocution
Missiles
 k - 45 sling bullets
 s - 64 stones (quivered)
 x - 9 boomerangs
Armour
 o - a +0 pair of boots (worn)
 r - a +1 robe of willpower (worn)
 A - a +0 helmet (worn)
Jewellery
 l - a ring of ice
 y - a +6 ring of dexterity (left hand)
Wands
 i - a wand of iceblast (5)
 B - a wand of flame (11)
Scrolls
 d - a scroll of enchant armour {unknown}
 e - 3 scrolls of torment {unknown}
 f - a scroll of blinking
 g - a scroll of immolation {unknown}
 m - a scroll of teleportation
 n - a scroll of magic mapping {unknown}
 t - 3 scrolls of acquirement {unknown}
 u - a scroll of enchant weapon {unknown}
 w - 2 scrolls of silence {unknown}
 z - 3 scrolls of identify {unknown}
Potions
 c - a potion of flight {unknown}
 h - 3 potions of heal wounds {unknown}
 j - 2 potions of resistance {unknown}
 p - 2 potions of curing
 q - a potion of might {unknown}
 v - a potion of brilliance {unknown}


   Skills:
 + Level 2.6 Fighting
 + Level 4.1 Short Blades
 - Level 2.2 Dodging
 - Level 1.8 Stealth
 - Level 4.0 Spellcasting
 - Level 9.0 Summonings


You had 8 spell levels left.
You knew the following spells:

 Your Spells              Type           Power      Damage    Failure   Level
L - Summon Small Mammal   Summ           100%       N/A       1%          1
N - Call Canine Familiar  Summ           34%        N/A       1%          3
P - Call Imp              Summ           34%        N/A       1%          2

Your spell library contained the following spells:

 Spells                   Type           Power      Damage    Failure   Level
 Summon Guardian Golem    Hex/Summ       18%        N/A       8%          3
 Beastly Appendage        Tmut           6%         N/A       16%         1
 Foxfire                  Conj/Fire      12%        2x1d4     16%         1
 Wereblood                Tmut           3%         N/A       24%         2
 Summon Lightning Spire   Summ/Air       18%        N/A       24%         4
 Conjure Flame            Conj/Fire      3%         6-21      43%         3
 Inner Flame              Hex/Fire       3%         N/A       43%         3
 Spider Form              Tmut/Pois      1%         N/A       43%         3


Dungeon Overview and Level Annotations

Branches:
Dungeon (5/15)
 Temple: D:4-7

Altars:
Dithmenos
Sif Muna
Trog
Vehumet
Xom

Shops:
D:4 [

Annotations:
D:1 exclusion: gnoll
D:3 exclusion: ogre


Innate Abilities, Weirdness & Mutations

You are amphibious.
You cover ground slowly.
You can hop short distances.
You have an extended range of vision and can be seen from far away.


Message History

Press: ? - help, Dir - move target, f/p - acid dragon
Aim: an acid dragon (blue smoke) Attack!
Your wolf completely misses the acid dragon.
Your wolf bites the acid dragon.
The acid dragon spits acid at you. The splash of acid hits your wolf!
Your wolf is splashed with acid!
The acid corrodes your wolf!
Your wolf bites the acid dragon but does no damage.
The acid dragon barely misses your wolf.
The acid dragon claws your wolf.
Your wolf bites the acid dragon.
Your wolf closely misses the acid dragon.
The acid dragon bites your wolf!
Your wolf dies!
Your wolf's corpse disappears in a puff of smoke!
Casting: Call Canine Familiar (safe; 1% risk of failure)
Confirm with . or Enter, or press ? or * to list all spells.
The acid dragon spits acid at you. The splash of acid misses your hound.
The splash of acid hits you.
You are splashed with acid!
* * * LOW HITPOINT WARNING * * *
A quokka comes into view.
Your hound bites the acid dragon.
Your hound bites the acid dragon but does no damage.
The acid dragon bites your hound!
The acid dragon barely misses your hound.
Something misses your hound.
Okay, then.
Press: ? - help, v - describe, . - travel
Here: an acid dragon (moderately wounded, ally target)
The floor.
Your hound bites the acid dragon.
The acid dragon spits acid at you. The splash of acid hits your hound!
Your hound is splashed with acid.
The acid corrodes your hound!
Your hound dies!
Your hound's corpse disappears in a puff of smoke!
The acid dragon spits acid at you. The splash of acid hits you!
You die...

# # # #
#.#############.
#......@........
#D#
######.########.
...... #.# #..
..... #.# #.# .....
#.# #.# #>.## ###.#
#.# ###..# #...#
#.# #....# #.#ยง#
#.# #.##.# #.#D#
#.####.##.## #
#.######..r....)...
#.......hD...).#...


You could see an acid dragon (catching breath).

Vanquished Creatures
  An orc warrior (D:5)
  A black bear (D:5)
  A scorpion (D:3)
  A water moccasin skeleton (D:5)
  3 iguanas
  2 orc wizards (D:4)
  A hound zombie (D:3)
  A howler monkey zombie (D:5)
  5 adders
  9 orcs
  2 endoplasms
  A giant cockroach (D:2)
  2 goblins (D:2)
  2 hobgoblins
  A jackal (D:3)
  4 quokkas
  6 ball pythons
  A ball python skeleton (D:3)
  3 bats
  2 frilled lizards (D:2)
  3 kobolds
  A rat (D:2)
53 creatures vanquished.

Vanquished Creatures (collateral kills)
  A water moccasin (D:5)
  A black bear (D:3)
  An ogre (D:5)
  2 necrophages (D:3)
  A jelly (D:5)
  An orc priest (D:4)
  An iguana (D:5)
  An orc wizard (D:4)
  6 adders
  An adder zombie (D:3)
  A worm (D:2)
  2 dart slugs (D:3)
  8 orcs (D:4)
  3 ball pythons
  4 endoplasms
  2 giant cockroaches
  4 hobgoblins
  A jackal (D:3)
  3 quokkas
  A ball python zombie (D:3)
  4 bats
  4 frilled lizards
  4 goblins
  4 kobolds
  3 rats (D:1)
64 creatures vanquished.

Grand Total: 117 creatures vanquished

Notes
Turn   | Place    | Note
-------+----------+-------------------------------------------
     0 | D:1      | grimtooth the Barachi Summoner began the quest for the Orb.
     0 | D:1      | Reached XP level 1. HP: 13/13 MP: 3/3
   265 | D:1      | Reached skill level 5 in Summonings
   345 | D:1      | Reached XP level 2. HP: 14/19 MP: 1/5
   601 | D:1      | Found a faded altar of an unknown god.
   705 | D:1      | Learned a level 2 spell: Call Imp
  1286 | D:2      | Reached XP level 3. HP: 24/24 MP: 1/7
  2434 | D:3      | Reached skill level 6 in Summonings
  2561 | D:3      | Reached XP level 4. HP: 30/30 MP: 3/8
  2702 | D:3      | Noticed a necrophage
  2712 | D:3      | Killed a necrophage
  2824 | D:3      | Noticed a necrophage
  2824 | D:3      | Noticed a black bear
  2860 | D:3      | Noticed an ogre
  2910 | D:3      | Reached XP level 5. HP: 26/35 MP: 4/10
  2918 | D:3      | Killed a black bear
  2919 | D:3      | Reached skill level 7 in Summonings
  3113 | D:3      | Learned a level 3 spell: Call Canine Familiar
  3229 | D:3      | Killed a necrophage
  3230 | D:3      | Reached XP level 6. HP: 41/41 MP: 6/11
  3949 | D:4      | Found a shimmering altar of Xom.
  3950 | D:4      | Found a shimmering blue altar of Sif Muna.
  4040 | D:4      | Reached skill level 1 in Short Blades
  4040 | D:4      | Reached skill level 8 in Summonings
  4727 | D:4      | Found Jieniqeg's Antique Armour Emporium.
  4752 | D:4      | Found a bloodstained altar of Trog.
  4802 | D:4      | Reached XP level 7. HP: 43/46 MP: 13/13
  5155 | D:4      | Found a shadowy altar of Dithmenos.
  5279 | D:5      | Entered Level 5 of the Dungeon
  5488 | D:5      | Reached skill level 9 in Summonings
  5693 | D:5      | Reached skill level 1 in Fighting
  6001 | D:5      | Found a radiant altar of Vehumet.
  6211 | D:5      | Killed from afar by an acid dragon

Illustrated notes

Levels and vault maps discovered:
D:1:      shiori_arrival_maze, layout_loops_ring,
          hellmonk_ecumenical_altar_heavens_door
D:2:      layout_loops_cross
D:3:      layout_basic, serial_undead, serial_undead_c, serial_undead_d,
          serial_undead_c, serial_undead_c, minmay_divided_ellipse
D:4:      layout_gridville, mainiacjoe_overflow_divided_tiny,
          grunt_dithmenos_smoke_and_mirrors, nicolae_overflow_crystal_walls,
          serial_shops, nicolae_shop_stone, sigmund_army
D:5:      layout_loops_ring, good_gods_mini_temple, vehumet_altar_wand_db,
          serial_shops, shop

Skill      XL: |  1  2  3  4  5  6  7 |
---------------+----------------------+-----
Summonings     | 5 6 7 8 9 |  9.0
Spellcasting   | 3 4 |  4.0
Short Blades   | 2 4 |  4.1
Fighting       | 2 |  2.6
Dodging        | |  2.2
Stealth        | |  1.8

Action                   |  1- 3 |  4- 6 |  7- 9 || total
-------------------------+-------+-------+-------++-------
Melee: Unarmed           |     9 |       |       ||     9
       Dagger            |    22 |   118 |    31 ||   171
       Rapier            |    12 |     5 |    11 ||    28
Throw: Stone             |       |     9 |     3 ||    12
 Cast: Summon Small Mamm |    46 |     7 |       ||    53
       Call Imp          |    20 |    30 |    15 ||    65
       Call Canine Famil |       |     4 |     8 ||    12
 Abil: Hop               |     1 |     3 |     1 ||     5
  Use: Scroll            |       |     2 |       ||     2
 Stab: Sleeping          |     4 |     2 |     2 ||     8
       Distracted        |       |     2 |     1 ||     3
Armor: Robe              |    14 |    36 |     5 ||    55
Dodge: Dodged            |    44 |    71 |    21 ||   136
